 Dungeon Crawl Stone Soup version 0.30-a0-613-gdd512c7efb (console) character file.

Game seed: 10574325495408535812

100431 jejorda2 the Impaler (level 16, -15/127 HPs)
             Began as a Merfolk Berserker on Jan 8, 2023.
             Was a High Priest of Trog.
             Demolished by a golden dragon simulacrum (21 damage)
             ... in an ice cave.
             The game lasted 00:51:24 (19934 turns).

jejorda2 the Impaler (Merfolk Berserker)           Turns: 19934, Time: 00:51:25

Health: -15/127    AC: 21    Str: 28    XL:     16   Next: 27%
Magic:  16/16      EV: 16    Int: 10    God:    Trog [*****.]
Gold:   907        SH:  0    Dex: 14    Spells: 15/15 levels left

rFire   + . .      SeeInvis .    a - +2 glaive (flame)
rCold   + + .      Faith    +    (shield currently unavailable)
rNeg    . . .      Spirit   .    A - +4 scale mail {rPois}
rPois   +          Reflect  .    n - +0 helmet
rElec   .          Harm     .    D - +2 cloak of Spite {rPois rF++ Str+4 Int+3}
rCorr   .          Rampage  .    f - +2 pair of gloves
Will    +++..                    (no boots) Stlth
                                 i - amulet of faith
HPRegen 1.41/turn                Z - ring of protection from cold
MPRegen 0.15/turn                N - ring of ice

@: marked, strong-willed (expiring), on berserk cooldown, regenerating
(expiring), slowed, very slow
A: (nimble swimmer 2), mertail
a: Renounce Religion, Berserk, Trog's Hand, Brothers in Arms


You were in an ice cave.
You worshipped Trog.
Trog was extremely pleased with you.
You visited 2 branches of the dungeon, and saw 19 of its levels.
You also visited: Sewer, Gauntlet, Ice Cave and Volcano.

You collected 1503 gold pieces.
You spent 596 gold pieces at shops.

Inventory:

Hand Weapons
 a - a +2 glaive of flaming (weapon)
 b - a +3 heavy halberd
 Q - the +7 flail of the Changing Gods {freeze, +Blink rElec Str+10 Int-2}
   (You took it off a minotaur in a Gauntlet)

   Str:       It affects your strength (+10).
   Int:       It affects your intelligence (-2).
   rElec:     It insulates you from electricity.
   +Blink:    It lets you blink.
Missiles
 e - 17 javelins
 g - 8 boomerangs
 h - 3 datura-tipped darts
 q - 194 stones
 t - a throwing net
 w - 3 atropa-tipped darts
 C - 11 poisoned darts
 P - 14 silver javelins
Armour
 f - a +2 pair of gloves (worn)
 n - a +0 helmet (worn)
 A - a +4 scale mail of poison resistance (worn)
 D - the +2 cloak of Spite (worn) {rPois rF++ Str+4 Int+3}
   (You found it in a Gauntlet)

   Str:       It affects your strength (+4).
   Int:       It affects your intelligence (+3).
   rF:        It greatly protects you from fire.
   rPois:     It protects you from poison.
 I - a +2 kite shield of cold resistance
 O - a +1 pair of gloves of stealth
Jewellery
 i - an amulet of faith (around neck)
 J - a ring of see invisible
 N - a ring of ice (right hand)
 U - a ring of resist corrosion
 V - a ring of flight
 X - a +4 ring of protection
 Z - a ring of protection from cold (left hand)
Wands
 p - a wand of quicksilver (12)
 u - a wand of mindburst (18)
 z - a wand of polymorph (20)
 F - a wand of iceblast (13)
 H - a wand of charming (10)
 L - a wand of flame (37) (quivered)
 R - a wand of digging (7)
Scrolls
 d - a scroll of blinking
 s - 5 scrolls of fog
 y - 2 scrolls of poison
 E - 4 scrolls of fear
 G - 5 scrolls of teleportation
 K - 3 scrolls of butterflies
Potions
 c - 4 potions of berserk rage
 j - 4 potions of attraction
 k - 2 potions of ambrosia
 l - 7 potions of heal wounds
 m - 16 potions of curing
 o - 6 potions of haste
 r - 5 potions of might
 v - 4 potions of resistance
 x - 4 potions of flight
 B - 2 potions of invisibility
 M - 5 potions of mutation
 S - a potion of cancellation
Miscellaneous
 Y - a phial of floods


   Skills:
 - Level 12.0 Fighting
 - Level 20.0 Polearms
 + Level 10.5 Throwing
 + Level 11.2 Armour
 + Level 12.6 Dodging
 - Level 6.0 Evocations


You had 15 spell levels left.
You didn't know any spells.
Your spell library was empty.

Dungeon Overview and Level Annotations

Branches:
Dungeon (14/15)            Temple (0/1) D:6            Lair (5/5) D:10
 Shoals (0/4) Lair:2        Snake (0/4) Lair:2        Slime (0/5) Lair:5
    Orc (0/2) D:9           Sewer (visited)           IceCv (1/1)
Volcano (visited)         Gauntlet (visited)
 Vaults: D:13-14

Altars:
Ashenzari
Cheibriados
Gozag
Hepliaklqana
Kikubaaqudgha
Makhleb
Okawaru
Ru
Sif Muna
Trog
Wu Jian
Jiyva

Shops:
D:2 :   D:3 [   D:8 !*   D:12 (   D:14 *


Innate Abilities, Weirdness & Mutations

((You are very nimble when in or above water. (Stealth+, EV+, Speed+++)))
Your lower body shifts to a powerful aquatic tail in water.


Message History

Unknown command.
The harpy simulacrum claws you but does no damage.
The harpy simulacrum barely misses you. The harpy simulacrum barely misses you.
The harpy simulacrum claws you but does no damage.
The harpy simulacrum barely misses you.
The harpy simulacrum claws you but does no damage.
The harpy simulacrum closely misses you.
The harpy simulacrum claws you. The harpy simulacrum freezes you. You resist.
You slash the golden dragon simulacrum!
You melt the golden dragon simulacrum!
The golden dragon simulacrum is severely damaged.
The harpy simulacrum barely misses you.
The harpy simulacrum claws you but does no damage.
The harpy simulacrum completely misses you.
The harpy simulacrum claws you but does no damage.
You feel the effects of Trog's Hand fading.
The harpy simulacrum misses you.
The harpy simulacrum closely misses you.
The golden dragon simulacrum bites you!
The golden dragon simulacrum freezes you!
You resist. The golden dragon simulacrum claws you.
The golden dragon simulacrum freezes you!
You resist.
The golden dragon simulacrum closely misses you.
The golden dragon simulacrum bites you but does no damage.
The golden dragon simulacrum barely misses you. x2
The harpy simulacrum closely misses you. x2
The golden dragon simulacrum bites you!!
* * * LOW HITPOINT WARNING * * *
The golden dragon simulacrum freezes you!
You resist.
* * * LOW HITPOINT WARNING * * *
The golden dragon simulacrum claws you.
* * * LOW HITPOINT WARNING * * *
The golden dragon simulacrum freezes you!
You resist.
* * * LOW HITPOINT WARNING * * *
The golden dragon simulacrum completely misses you.
The golden dragon simulacrum bites you!!
You die...

##.......#)..###.##
#......Z.#..###....
#8.....8##### ....
#.......# #..
#.._....# #.
#.......# #.
#8.....8# #.
#.ZZ...## #.
##@Z...# #..
##...## #.....
##'## ##...# ()#
##.. ### ##


You could see a lindwurm simulacrum, 2 golden dragon simulacra and a harpy
simulacrum.

Vanquished Creatures
  Rupert (Lair:4)
  9 slime creatures
  A stone giant (Volcano)
  A very ugly thing (IceCv)
  Azrael (D:14)
  A minotaur (Gauntlet)
  A fire dragon (Lair:5)
  2 caustic shrike simulacra (IceCv)
  A hydra (Lair:4)
  3 two-headed ogres
  3 centaur warriors
  3 boulder beetles
  4 death yaks
  A tengu warrior (Gauntlet)
  A swamp dragon (Lair:5)
  2 spriggan simulacra (IceCv)
  2 lindwurms
  A necromancer (IceCv)
  A bog body (IceCv)
  An obsidian statue (IceCv)
  A manticore (D:14)
  An oklob plant (Lair:3)
  7 cyclopes
  8 elephants
  An ice statue (D:14)
  A guardian serpent (shapeshifter) (Gauntlet)
  A merfolk siren (Lair:2)
  Joseph (D:7)
  A torpor snail (Gauntlet)
  A black mamba (Lair:5)
  12 cane toads
  12 komodo dragons
  4 gargoyles (Volcano)
  A yaktaur (shapeshifter) (Gauntlet)
  3 rime drakes
  An efreet (Volcano)
  9 freezing wraiths (IceCv)
  2 kobold demonologists
  3 anaconda simulacra (IceCv)
  3 ice devils (IceCv)
  A golden dragon simulacrum (IceCv)
  3 polar bears
  3 merfolk (Lair:2)
  2 tengu conjurers (Gauntlet)
  4 trolls
  3 meliai (D:14)
  Grinder (D:3)
  5 dream sheep (Lair:4)
  A slime creature (shapeshifter) (Gauntlet)
  6 blink frogs
  Sigmund (D:3)
  2 shadows
  A wraith (D:10)
  A dire elephant simulacrum (IceCv)
  A vampire (D:12)
  64 yaks
  5 wyverns
  5 fire elementals (D:14)
  2 steam dragons
  11 vampire mosquitoes
  5 basilisks
  3 nagas (Lair:2)
  6 acid dragons
  2 harpy simulacra (IceCv)
  19 water moccasins
  3 hell hounds (D:14)
  5 orc warriors
  An ice beast (D:7)
  A swamp drake (Lair:5)
  Pargi (Sewer)
  2 black bears
  2 ettin simulacra (IceCv)
  2 alligator simulacra (IceCv)
  An ogre (D:6)
  16 centaurs
  10 wolves
  2 kobold brigands (D:10)
  2 necrophages
  11 bullfrogs
  2 scorpions
  A deep troll simulacrum (IceCv)
  2 gnoll sergeants
  An earth elemental (Volcano)
  9 wights (D:9)
  9 killer bees (D:9)
  A lindwurm simulacrum (IceCv)
  3 howler monkeys (D:11)
  An electric eel (D:8)
  4 hounds
  A quasit (D:7)
  Crazy Yiuf (D:3)
  A jelly (D:5)
  7 orc priests
  4 hell rats (Lair:5)
  Terence (D:3)
  5 iguanas
  Natasha (D:2)
  15 orc wizards
  Robin (D:2)
  9 gnolls
  19 adders
  8 shadow imps
  5 white imps
  6 ufetubi (D:7)
  4 worms
  5 dart slugs
  38 orcs
  9 ball pythons
  14 bats
  7 endoplasms
  2 giant cockroaches (D:3)
  7 hobgoblins
  4 jackals (D:5)
  19 kobolds
  5 quokkas
  3 training dummies (D:12)
  A ball python (shapeshifter) (Gauntlet)
  2 frilled lizards
  15 goblins
  7 rats
  A butterfly (Lair:3)
  A fire vortex (Lair:2)
590 creatures vanquished.

Vanquished Creatures (collateral kills)
  3 death yaks (Gauntlet)
  A necromancer (Gauntlet)
  3 oklob plants (Lair:3)
  An ice statue (D:14)
  A freezing wraith (IceCv)
  A floating eye (Lair:3)
10 creatures vanquished.

Vanquished Creatures (others)
  An orc wizard (D:14)
  4 orcs
  3 demonic plants (D:7)
  14 fungi
  28 plants
50 creatures vanquished.

Grand Total: 650 creatures vanquished

Notes
Turn   | Place    | Note
-------+----------+-------------------------------------------
     0 | D:1      | jejorda2 the Merfolk Berserker began the quest for the Orb.
     0 | D:1      | Reached XP level 1. HP: 18/18 MP: 1/1
   157 | D:1      | Reached XP level 2. HP: 24/24 MP: 2/2
   812 | D:2      | Reached XP level 3. HP: 18/29 MP: 3/3
   924 | D:2      | Noticed Natasha
   939 | D:2      | Killed Natasha
   940 | D:2      | Reached skill level 5 in Polearms
  1012 | D:2      | Noticed Robin
  1023 | D:2      | Reached ** piety under Trog
  1029 | D:2      | Killed Robin
  1030 | D:2      | Reached XP level 4. HP: 37/37 MP: 4/4
  1143 | D:2      | Found Etuwnydah's Book Shoppe.
  1248 | D:2      | Identified the +0 ring mail of the Monkey {Str+7 SInv
                  | Stlth-}
  1627 | D:3      | Found a glowing drain.
  1627 | D:3      | Noticed Terence
  1630 | Sewer    | Entered a sewer
  1683 | Sewer    | Noticed Pargi
  1691 | Sewer    | Killed Pargi
  1692 | Sewer    | Reached skill level 6 in Polearms
  1692 | Sewer    | Reached XP level 5. HP: 43/43 MP: 5/5
  1754 | D:3      | Killed Terence
  1755 | D:3      | Reached XP level 6. HP: 49/49 MP: 6/6
  1819 | D:3      | Found a shimmering blue altar of Sif Muna.
  1875 | D:3      | Noticed Grinder
  1887 | D:3      | Killed Grinder
  1888 | D:3      | Reached skill level 7 in Polearms
  1888 | D:3      | Reached skill level 5 in Dodging
  1897 | D:3      | Reached skill level 5 in Fighting
  1897 | D:3      | Reached XP level 7. HP: 56/56 MP: 7/7
  2059 | D:3      | Found Suethom's Armour Shoppe.
  2261 | D:3      | Reached skill level 8 in Polearms
  2358 | D:3      | Noticed Sigmund
  2366 | D:3      | Killed Sigmund
  2367 | D:3      | Reached skill level 1 in Throwing
  2367 | D:3      | Found an ornate altar of the Wu Jian Council.
  2527 | D:3      | Found a runed translucent door.
  2528 | D:3      | Noticed Crazy Yiuf
  2537 | D:3      | Killed Crazy Yiuf
  2880 | D:3      | Bought a +4 scale mail of poison resistance for 280 gold
                  | pieces
  3088 | D:4      | Reached *** piety under Trog
  3139 | D:4      | Reached skill level 9 in Polearms
  3193 | D:4      | Reached XP level 8. HP: 62/62 MP: 8/8
  3738 | D:5      | Entered Level 5 of the Dungeon
  4644 | D:6      | Reached skill level 10 in Polearms
  4718 | D:6      | Found a bloodstained altar of Trog.
  4844 | D:6      | Found a staircase to the Ecumenical Temple.
  4854 | D:6      | Found an opulent altar of Gozag.
  5110 | D:6      | Reached skill level 11 in Polearms
  5114 | D:6      | Reached XP level 9. HP: 68/68 MP: 9/9
  5659 | D:7      | Reached **** piety under Trog
  5714 | D:7      | Found an iron altar of Okawaru.
  5719 | D:7      | Found an ancient bone altar of Kikubaaqudgha.
  5757 | D:7      | Noticed Joseph
  5775 | D:7      | Killed Joseph
  5782 | D:7      | Reached skill level 12 in Polearms
  5969 | D:7      | Reached skill level 5 in Throwing
  6615 | D:8      | Reached skill level 13 in Polearms
  6625 | D:8      | Found a broken altar of Ashenzari.
  6626 | D:8      | Found a burning altar of Makhleb.
  6657 | D:8      | Found Roaski's Assorted Antiques.
  6662 | D:8      | Found Niut Reos's Distillery.
  6669 | D:8      | Bought a scroll labelled YTAMAC XINUACWA for 27 gold pieces
  6686 | D:8      | Reached XP level 10. HP: 41/74 MP: 10/10
  6690 | D:8      | Bought a potion of might for 40 gold pieces
  6690 | D:8      | Bought a potion of degeneration for 10 gold pieces
  6690 | D:8      | Bought a potion of resistance for 100 gold pieces
  7184 | D:9      | Found a sacrificial altar of Ru.
  7310 | D:9      | Reached skill level 14 in Polearms
  7496 | D:9      | Reached skill level 5 in Armour
  7544 | D:9      | Reached ***** piety under Trog
  7545 | D:9      | Reached skill level 15 in Polearms
  7750 | D:9      | Found a staircase to the Orcish Mines.
  7792 | D:9      | Reached XP level 11. HP: 68/79 MP: 11/11
  7930 | D:9      | Found a snail-covered altar of Cheibriados.
  8003 | D:10     | Entered Level 10 of the Dungeon
  8017 | D:10     | Found a staircase to the Lair.
  8122 | D:10     | Reached skill level 16 in Polearms
  8430 | D:10     | Reached skill level 1 in Evocations
  8944 | Lair:1   | Entered Level 1 of the Lair of Beasts
  9296 | Lair:1   | Reached skill level 17 in Polearms
 10246 | Lair:2   | Noticed a lindwurm
 10255 | Lair:2   | Killed a lindwurm
 10321 | Lair:2   | Reached skill level 18 in Polearms
 10353 | Lair:2   | Reached XP level 12. HP: 59/91 MP: 12/12
 10566 | Lair:2   | Noticed a boulder beetle
 10581 | Lair:2   | Killed a boulder beetle
 10582 | Lair:2   | Reached skill level 5 in Evocations
 10615 | Lair:2   | Found a staircase to the Snake Pit.
 10800 | Lair:2   | Received a gift from Trog
 10817 | Lair:2   | Found a staircase to the Shoals.
 11060 | Lair:2   | Reached skill level 19 in Polearms
 12677 | Lair:4   | Found a gate leading to a gauntlet.
 12678 | Lair:4   | Noticed Rupert
 12688 | Lair:4   | Killed Rupert
 12689 | Lair:4   | Reached skill level 10 in Fighting
 12689 | Lair:4   | Reached skill level 20 in Polearms
 12689 | Lair:4   | Reached XP level 13. HP: 91/104 MP: 13/13
 12729 | Gauntlet | Entered a Gauntlet
 12729 | Gauntlet | Found a transporter.
 12729 | Gauntlet | Found a runed translucent door.
 12764 | Gauntlet | Found a runed translucent door.
 12766 | Gauntlet | Found a transporter.
 12770 | Gauntlet | Found a transporter.
 12778 | Gauntlet | Found a transporter.
 12782 | Gauntlet | Found a transporter.
 12786 | Gauntlet | Found a runed translucent door.
 12787 | Gauntlet | Found a runed translucent door.
 12790 | Gauntlet | Found a transporter.
 12794 | Gauntlet | Found a transporter.
 12802 | Gauntlet | Found a transporter.
 12806 | Gauntlet | Found a transporter.
 12813 | Gauntlet | a yak changed into an entropy weaver
 12813 | Gauntlet | Noticed an entropy weaver (glowing shapeshifter)
 12817 | Gauntlet | Found a transporter.
 12844 | Gauntlet | Found a transporter.
 12856 | Gauntlet | Found a transporter.
 12869 | Gauntlet | Found a transporter.
 12882 | Gauntlet | Found a transporter.
 12989 | Gauntlet | Noticed an ice dragon
 12989 | Gauntlet | an ice dragon changed into a satyr
 13055 | Gauntlet | Identified the +2 cloak of Spite {rPois rF++ Str+4 Int+3}
 13078 | Gauntlet | Identified the +7 flail of the Changing Gods {freeze,
                  | +Blink rElec Str+10 Int-2}
 13078 | Gauntlet | Identified the ring of Liumnemu {Fire Will++}
 13078 | Gauntlet | Noticed a minotaur
 13085 | Gauntlet | Killed a minotaur
 14157 | Lair:5   | Entered Level 5 of the Lair of Beasts
 14266 | Lair:5   | Reached XP level 14. HP: 92/115 MP: 14/14
 14489 | Lair:5   | Found a staircase to the Slime Pits.
 14489 | Lair:5   | Found a viscous altar of Jiyva.
 14525 | Lair:5   | Found a dark tunnel.
 14534 | Volcano  | Entered a volcano
 14589 | Volcano  | Noticed a stone giant
 14593 | Volcano  | Killed a stone giant
 14612 | Volcano  | Reached XP level 15. HP: 109/120 MP: 15/15
 15339 | Lair:5   | Reached skill level 10 in Armour
 15795 | D:11     | Found a hazy altar of Hepliaklqana.
 16426 | D:12     | Reached skill level 10 in Dodging
 16542 | D:12     | Found Gubar Esch's Firing Range.
 16548 | D:12     | Bought 4 silver javelins for 115 gold pieces
 16548 | D:12     | Bought 5 poisoned darts for 24 gold pieces
 17495 | D:13     | Found a bloodstained altar of Trog.
 18034 | D:13     | Received a gift from Trog
 18506 | D:14     | Found Gyihe's Gadget Gallery.
 18512 | D:14     | Noticed Azrael
 18544 | D:14     | Killed Azrael
 18563 | D:14     | Reached XP level 16. HP: 96/127 MP: 16/16
 18594 | D:14     | Found a frozen archway.
 18618 | IceCv    | Entered an ice cave
 18805 | IceCv    | Reached skill level 10 in Throwing
 19417 | IceCv    | Identified the +0 leather armour "Sepusergh" {rN++ rCorr}
 19441 | IceCv    | Found an ancient bone altar of Kikubaaqudgha.
 19914 | IceCv    | Noticed a lich
 19934 | IceCv    | HP: 6/127 [golden dragon simulacrum (13)]
 19934 | IceCv    | Demolished by a golden dragon simulacrum

Illustrated notes

Levels and vault maps discovered:
D:1:      dpeg_arrival_boxorama, layout_basic, skrybe_limestone_x
D:2:      layout_loops_corners, serial_shops, shop, serial_bayou_pond_e,
          uniq_robin, uniq_natasha
D:3:      layout_loops_ring, mainiacjoe_overflow_catwalk,
          mainiacjoe_overflow_alcove_2, cheibrodos_sewer_entry_drain,
          serial_shops, shop, uniq_terence, uniq_grinder,
          uniq_crazy_yiuf_cottage, uniq_sigmund
D:4:      layout_basic, minmay_snake_closets
D:5:      layout_basic
D:6:      layout_basic, mainiacjoe_overflow_concentric_impassable,
          nicolae_gozag_cash_rules_everything_around_me, temple_statues,
          serial_rivers, chequers_serial_rivers_micro_c,
          chequers_serial_rivers_micro_e, chequers_serial_rivers_small_b,
          chequers_serial_rivers_micro_b, chequers_serial_rivers_small_b,
          grunt_ministairs_14, chequers_serial_rivers_micro_b,
          minmay_fractal_squares_diagonal_5
D:7:      layout_basic, mainiacjoe_overflow_large_starburst, serial_demonic,
          serial_demonic_c, serial_demonic_g, serial_demonic_a,
          serial_demonic_e, serial_demonic_a, serial_demonic_f,
          serial_demonic_c, serial_demonic_d, serial_demonic_c,
          serial_demonic_c, minmay_a_box_with_orc_wizards_in_it, uniq_joseph
D:8:      layout_basic, nicolae_overflow_hidden_temple, nicolae_wooded_promenade
D:9:      layout_basic, mainiacjoe_overflow_swirl, hiddenorc1_lemuel
D:10:     layout_irregular_city, lair_entry_dummy
D:11:     layout_irregular_city, chequers_garden,
          nicolae_kite_square_tiling_tiny, hangedman_decor_diamond_cutter,
          nicolae_hepliaklqana_hazy_memory
D:12:     layout_rooms, nicolae_shop_firing_range
D:13:     layout_grid_maze, trog_three_pillars_becter
D:14:     layout_small_grid, david_vaults_4,
          portal_ice_cave_entry_ice_statue_two, minmay_stone_trees_small,
          nicolae_shop_gadgets, uniq_azrael
Lair:1:   layout_cave_pods, grunt_megastairs_2
Lair:2:   layout_gridlike, elwin_shoals_entry_rooms, nicolae_snake_entry_squirm,
          serial_rivers, chequers_serial_rivers_small_a,
          chequers_serial_rivers_small_3, chequers_serial_rivers_small_3,
          chequers_serial_rivers_micro_e, chequers_serial_rivers_large_b,
          chequers_serial_rivers_micro_b
Lair:3:   layout_gridlike, disabler_island, lemuel_fruit_tree,
          lemuel_fruit_fields, serial_bayou_shore_b
Lair:4:   layout_regular_city, gauntlet_entry_generic, grunt_megastairs_3,
          uniq_rupert
Lair:5:   guppyfry_lair_end_dragon, layout_cave_pods, slime_entry_1,
          lightli_volcano_entry_magma_tube, minivault_11
IceCv:    ice_cave_small_necro

Skill      XL: |  1  2  3  4  5  6  7  8  9 10 11 12 13 14 15 16 |
---------------+-------------------------------------------------+-----
Dodging        | 3 4 5 6 8 9 11 12 | 12.6
Polearms       | 5 6 7 9 11 13 15 18 20 | 20.0
Fighting       | 4 5 7 10 12 | 12.0
Throwing       | 2 4 5 6 7 9 10 | 10.5
Armour         | 3 4 5 6 7 9 10 11 | 11.2
Evocations     | 4 6 |  6.0

Action                   |  1- 3 |  4- 6 |  7- 9 | 10-12 | 13-15 | 16-18 || total
-------------------------+-------+-------+-------+-------+-------+-------++-------
Melee: Spear             |   106 |   135 |    58 |       |       |       ||   299
       Punch             |     1 |       |     1 |       |       |       ||     2
       Halberd           |       |       |   401 |   330 |   253 |       ||   984
       Tailslap          |       |       |     1 |     1 |     3 |       ||     5
       Glaive            |       |       |       |   403 |   422 |   142 ||   967
Throw: Javelin           |     1 |       |     2 |       |       |       ||     3
       Stone             |       |       |       |    27 |       |       ||    27
       Dart              |       |       |       |     2 |       |       ||     2
Invok: Berserk           |     1 |     3 |     6 |     3 |     8 |     3 ||    24
       Trog's Hand       |       |     1 |     2 |     3 |     9 |     4 ||    19
       Brothers in Arms  |       |       |       |     1 |     1 |     2 ||     4
Evoke: Wand              |       |       |       |       |       |    23 ||    23
  Use: Scroll            |       |     4 |    11 |     8 |     4 |     3 ||    30
       Potion            |       |       |       |     3 |     1 |       ||     4
 Stab: Sleeping          |     2 |       |       |       |       |       ||     2
       Invisible         |       |       |       |     1 |       |       ||     1
       Distracted        |       |       |       |       |     2 |       ||     2
Armor: Animal skin       |     9 |       |       |       |       |       ||     9
       Plate armour      |    19 |    96 |    18 |       |       |       ||   133
       Scale mail        |       |       |   180 |   176 |   381 |    70 ||   807
Dodge: Dodged            |    34 |    30 |   203 |   291 |   496 |   120 ||  1174

Table legend: (Time is in decaauts)
 A = Elapsed time spent in this place.
 B = Non-inter-level travel time spent in this place.
 C = Inter-level travel time spent in this place.
 D = Time resting spent in this place.
 E = Time spent auto-exploring this place.
 F = Levels seen in this place.
 G = Mean time per level.
                   A        B        C        D        E       F      G
               +--------+--------+--------+--------+--------+-----+--------+
         Total |  19557 |  18770 |    787 |   1697 |  12816 |  23 |  850.3 |
       Dungeon |  11592 |  11032 |    560 |    750 |   8058 |  14 |  828.0 |
          Lair |   5873 |   5646 |    227 |    343 |   3897 |   5 | 1174.6 |
         Sewer |    105 |    105 |      0 |     16 |     35 |   1 |  105.0 |
      Ice Cave |   1316 |   1316 |      0 |    559 |    566 |   1 | 1316.0 |
       Volcano |    198 |    198 |      0 |      0 |     39 |   1 |  198.0 |
      Gauntlet |    470 |    470 |      0 |     28 |    218 |   1 |  470.0 |
               +--------+--------+--------+--------+--------+-----+--------+

Top non-repeatable levels by time:
   IceCv: 1316 daAuts
  Lair:1: 1292 daAuts
    D:13: 1265 daAuts
  Lair:5: 1230 daAuts
  Lair:3: 1222 daAuts
  Lair:2: 1097 daAuts
  Lair:4: 1032 daAuts
     D:9: 1027 daAuts
     D:3: 1021 daAuts
     D:4: 965 daAuts
    D:10: 964 daAuts
     D:6: 926 daAuts
     D:2: 909 daAuts
     D:5: 890 daAuts
     D:7: 832 daAuts
